Map: Blackburn LE

Players

HeroMarine

  • Race: Terran Terran

ShoWTimE - Winner!

  • Race: Protoss Protoss

Event: DreamHack SC2 Masters 2021 Winter

VOD

Have the link to the VOD?

Description

Time

  • Played on: Oct. 12, 2021, 12:11 p.m.
  • Length: 15:12

All games in this series

Show
View Real Time Build Order
Export as new Build Order

HeroMarine Terran 

Build Orders:  

Get SALT Encoding   

  12  0:00  SCV  
  13  0:12  SCV  
  14  0:17  Supply Depot  
  14  0:24  SCV  
  15  0:38  SCV  
  15  0:39  Barracks  
  16  0:43  Refinery  
  16  0:50  SCV  
  17  1:02  SCV  
  18  1:14  SCV  
  19  1:26  Barracks Reactor  
  19  1:27  Orbital Command  
  19  1:42  Command Center  
  19  1:52  SCV  
  20  2:00  Supply Depot  
  20  2:02  Marine x2  
  20  2:04  SCV  
  23  2:19  Barracks  
  23  2:21  SCV, Marine x2  
  26  2:27  Barracks  
  26  2:33  SCV  
  27  2:39  Marine x2  
  29  2:45  SCV  
  30  2:54  Orbital Command  
  30  2:57  SCV  
  30  2:58  Marine x2  
  33  3:06  Barracks Tech Lab  
  33  3:10  SCV  
  34  3:16  Marine x2  
  34  3:19  SCV  
  37  3:20  Barracks Tech Lab  
  37  3:23  SCV  
  37  3:25  Marine  
  37  3:26  Supply Depot  
  39  3:27  Stimpack  
  39  3:32  SCV  
  39  3:34  Marine x2  
  40  3:35  SCV  
  40  3:38  Combat Shield  
  40  3:40  Marine  
  44  3:43  Marine  
  44  3:44  SCV  
  44  3:45  Supply Depot  
  44  3:47  SCV  
  47  3:52  Marine x2  
  47  3:53  Refinery  
  49  3:56  SCV  
  49  3:59  SCV  
  49  4:00  Marauder  
  53  4:07  Marauder, Supply Depot  
  53  4:08  SCV  
  53  4:09  Marine  
  56  4:11  Marine  
  56  4:12  SCV  
  59  4:19  Engineering Bay  
  59  4:20  SCV  
  59  4:21  Marine  
  59  4:24  SCV  
  62  4:29  Marine x3  
  65  4:32  SCV  
  65  4:36  SCV  
  62  4:39  Marine  
  62  4:44  SCV  
  61  4:46  Marine x2  
  61  4:48  SCV  
  61  4:50  Factory  
  64  4:54  Terran Infantry Weapons Level 1  
  64  4:56  SCV  
  64  4:58  Marine x2  
  67  5:00  SCV  
  67  5:05  Missile Turret, Marine  
  67  5:06  Marine  
  70  5:13  Missile Turret, SCV x2  
  72  5:15  Marine  
  72  5:16  Marine  
  74  5:23  Marine  
  74  5:25  SCV x2  
  78  5:38  Starport  
  78  5:39  Supply Depot, Refinery  
  78  5:40  SCV  
  78  5:41  SCV, Factory Reactor, Marine  
  78  5:42  Marauder  
  82  5:43  Marauder  
  81  5:53  SCV x2  
  81  5:55  Marine  
  75  5:59  Refinery, Marine  
  75  6:03  Marauder  
  78  6:04  Marauder  
  78  6:07  SCV x2  
  82  6:19  Command Center  
  82  6:22  Medivac x2  
  82  6:23  Factory Tech Lab  
  82  6:24  Marine x2  
  88  6:27  Marine x2  
  88  6:29  SCV  
  91  6:42  Barracks x2  
  93  6:50  Siege Tank  
  93  6:52  Supply Depot  
  93  6:53  Terran Infantry Armor Level 1  
  94  6:54  Supply Depot  
  94  7:13  SCV x2, Marine x2  
  94  7:14  Marauder x2  
  102  7:16  Medivac x2  
  102  7:17  Supply Depot  
  106  7:25  SCV, Siege Tank  
  110  7:30  Barracks Reactor  
  110  7:31  SCV, Barracks Tech Lab, Orbital Command  
  110  7:34  Missile Turret  
  110  7:36  Marine x2  
  112  7:37  Marauder, SCV  
  112  7:40  Marauder  
  112  7:43  SCV  
  115  7:50  SCV  
  114  7:55  SCV  
  111  7:58  Marauder  
  111  7:59  Marauder, Marine  
  111  8:00  Marine  
  111  8:03  SCV  
  111  8:05  SCV  
  102  8:07  Marauder  
  102  8:10  Medivac, Siege Tank, Marine  
  102  8:11  Medivac, Marine  
  93  8:13  SCV  
  93  8:15  SCV  
  93  8:17  SCV, Marine  
  93  8:18  Marine  
  100  8:20  Marauder x2  
  100  8:25  SCV  
  103  8:27  SCV  
  103  8:28  Marine x2  
  103  8:30  Marine  
  108  8:35  Refinery x2  
  108  8:37  Marine  
  108  8:38  Marine  
  108  8:40  Liberator x2  
  117  8:41  Marauder  
  117  8:42  Marauder  
  117  8:44  SCV  
  123  8:48  Siege Tank  
  123  8:49  Marine x2  
  123  8:51  Marauder  
  123  8:55  Marine x2  
  127  8:56  Supply Depot  
  127  8:57  Supply Depot  
  127  9:02  Marauder  
  131  9:03  Marauder  
  131  9:09  Marine  
  133  9:13  Marauder, Marine x3  
  138  9:23  Siege Tank  
  138  9:24  Marauder x2  
  143  9:27  Liberator, Marine  
  143  9:30  Liberator  
  143  9:31  Marine x2  
  153  9:34  Marine  
  153  9:35  Marauder  
  157  9:52  Marine x2  
  157  9:53  Marine  
  157  9:54  Marine  
  157  9:56  Marauder, Supply Depot  
  157  9:57  Supply Depot  
  157  9:58  Marauder  
  156  10:00  Marauder  
  154  10:10  Marine x3  
  157  10:17  Liberator x2  
  157  10:18  Marauder  
  157  10:19  Marauder  
  157  10:20  SCV x2  
  157  10:21  Marauder, SCV  
  168  10:32  SCV  
  169  10:39  Marauder  
  169  10:40  SCV  
  169  10:41  Marauder  
  169  10:42  SCV  
  162  10:44  Marauder  
  124  10:51  Marine x2  
  108  10:57  Siege Tank  
  108  11:00  Marauder  
  108  11:02  Marauder  
  115  11:05  Marauder, Factory  
  120  11:13  Liberator x2  
  123  11:19  Marine  
  123  11:20  Marine  
  123  11:22  Marauder  
  123  11:23  Marauder  
  129  11:29  Siege Tank  
  134  11:33  Marauder  
  134  11:36  Marine  
  135  11:40  Marine x3  
  135  11:43  Marauder  
  135  11:45  Marauder  
  144  11:49  Factory Tech Lab  
  142  11:56  Liberator x2  
  148  12:02  Siege Tank  
  148  12:05  SCV x3  
  154  12:09  Siege Tank  
  157  12:16  Marauder x2  
  157  12:18  Marauder  
  163  12:25  Marine x3  
  163  12:26  Marine  
  167  12:34  Siege Tank  
  166  12:37  Marauder  
  166  12:44  Liberator x2  
  159  12:47  Siege Tank  
  163  12:59  Marauder x2  
  163  13:01  Marauder  
  169  13:06  Siege Tank  
  168  13:16  Marine x2  
  168  13:19  Siege Tank  
  163  13:20  Marauder x2, SCV x2  
  163  13:21  SCV  
  167  13:32  SCV x2  
  167  13:33  SCV  
  170  13:38  Siege Tank  
  131  13:44  SCV  
  131  13:46  Marauder x2  
  131  13:47  Marine x2  
  124  14:04  Marine x2  
  124  14:06  Marine  
  131  14:14  Liberator  
  131  14:15  Liberator  
  127  14:44  Marauder  
Show
View Real Time Build Order
Export as new Build Order

ShoWTimE Protoss - Winner!

Build Orders: 1 Gate Expand, Oracle Opening 

Get SALT Encoding   

  12  0:00  Probe  
  13  0:12  Probe  
  14  0:17  Pylon  
  14  0:24  Probe (Chrono Boost)  
  15  0:35  Gateway  
  15  0:36  Probe (Chrono Boost)  
  16  0:45  Probe (Chrono Boost)  
  16  0:46  Assimilator  
  17  0:51  Probe  
  18  1:03  Probe  
  19  1:15  Probe  
  20  1:23  Nexus  
  20  1:31  Cybernetics Core  
  20  1:36  Probe  
  21  1:42  Assimilator  
  21  1:48  Probe  
  21  1:53  Pylon  
  22  2:00  Probe  
  23  2:08  Adept (Chrono Boost)  
  23  2:12  Probe  
  26  2:21  Stargate  
  26  2:24  Probe (Chrono Boost)  
  26  2:29  Warp Gate  
  27  2:30  Adept (Chrono Boost)  
  27  2:35  Probe (Chrono Boost)  
  31  2:42  Probe (Chrono Boost)  
  32  2:44  Probe (Chrono Boost)  
  32  2:49  Probe x2 (Chrono Boost)  
  33  2:55  Adept  
  36  3:00  Probe  
  36  3:01  Probe  
  38  3:07  Oracle (Chrono Boost)  
  38  3:09  Pylon  
  41  3:13  Probe x2  
  43  3:25  Probe x2  
  45  3:27  Adept  
  47  3:34  Gateway  
  47  3:37  Oracle (Chrono Boost)  
  47  3:38  Gateway  
  51  3:41  Probe  
  51  3:42  Probe  
  51  3:47  Pylon  
  52  3:53  Probe  
  52  3:54  Probe  
  54  4:05  Probe  
  54  4:06  Probe  
  54  4:08  Nexus  
  56  4:12  Pylon  
  56  4:16  Assimilator  
  56  4:17  Assimilator  
  56  4:18  Probe  
  56  4:20  Probe  
  56  4:23  Sentry  
  60  4:26  Shield Battery  
  60  4:29  Shield Battery  
  60  4:30  Probe  
  61  4:32  Probe  
  61  4:37  Sentry x2  
  66  4:40  Shield Battery  
  67  4:45  Probe  
  67  4:47  Pylon  
  67  4:48  Adept  
  67  4:49  Probe  
  70  5:00  Twilight Council x2  
  70  5:05  Probe  
  70  5:06  Forge  
  70  5:07  Probe  
  72  5:13  Adept  
  74  5:17  Probe  
  74  5:19  Probe  
  76  5:21  Adept  
  76  5:22  Adept  
  76  5:23  Probe  
  76  5:26  Protoss Ground Weapons Level 1 (Chrono Boost)  
  81  5:29  Probe  
  81  5:31  Blink (Chrono Boost), Probe, Charge (Chrono Boost)  
  81  5:35  Probe  
  84  5:38  Pylon  
  84  5:45  Gateway, Probe  
  84  5:52  Adept x2  
  84  5:53  Probe  
  87  5:59  Gateway  
  87  6:01  Shield Battery  
  87  6:03  Gateway, Probe  
  88  6:04  Probe  
  88  6:08  Probe  
  87  6:14  Robotics Facility  
  87  6:17  Stalker x2  
  91  6:21  Stalker, Pylon  
  93  6:31  Shield Battery  
  93  6:32  Pylon  
  93  6:40  Pylon  
  93  6:41  Stalker x3  
  100  6:47  Probe x3, Pylon  
  100  6:51  Stalker  
  104  6:59  Stalker x2  
  108  7:03  Assimilator  
  108  7:04  Observer  
  108  7:05  Zealot x3, Assimilator  
  115  7:10  Probe x2  
  115  7:13  Robotics Bay  
  115  7:14  Robotics Facility  
  117  7:17  Pylon  
  117  7:18  Stalker  
  119  7:24  Protoss Ground Weapons Level 2 (Chrono Boost)  
  119  7:30  Pylon  
  119  7:31  Zealot x2  
  119  7:32  Zealot x2  
  127  7:47  Stalker x2  
  133  7:52  Zealot x3  
  123  8:00  Zealot x2  
  123  8:03  Colossus (Chrono Boost)  
  119  8:11  Probe  
  120  8:15  Pylon  
  120  8:17  Robotics Facility  
  120  8:19  Stalker x2  
  124  8:22  Nexus  
  124  8:24  Pylon  
  124  8:27  Extended Thermal Lance  
  124  8:28  Probe  
  124  8:29  Probe x2  
  127  8:36  Zealot x3  
  127  8:37  Shield Battery  
  127  8:40  Probe  
  134  8:45  Gateway  
  134  8:47  Gateway, Colossus (Chrono Boost)  
  134  8:54  Forge, Pylon  
  140  9:03  Stalker x3  
  140  9:09  Stalker x2  
  150  9:11  Colossus (Chrono Boost)  
  156  9:24  Pylon  
  156  9:27  Stalker x3  
  156  9:31  Zealot  
  164  9:34  Protoss Ground Armor Level 1 (Chrono Boost)  
  164  9:38  Warp Prism  
  164  9:40  Zealot  
  168  9:48  Zealot  
  166  9:53  Gateway  
  166  9:54  Zealot x2, Gateway  
  166  9:59  Zealot x2  
  168  10:05  Zealot  
  168  10:06  Zealot x2  
  164  10:16  Protoss Ground Weapons Level 3 (Chrono Boost)  
  164  10:19  Zealot x5  
  170  10:26  Zealot x2  
  174  10:32  Zealot  
  176  10:36  Pylon  
  176  10:37  Pylon  
  176  10:40  Zealot x3  
  172  10:45  Zealot x2  
  129  10:50  Observer  
  129  10:53  Zealot x4  
  123  10:57  Zealot  
  123  11:02  Zealot x2  
  127  11:06  Templar Archives  
  127  11:07  Sentry x2  
  127  11:08  Sentry  
  133  11:12  Immortal (Chrono Boost)  
  141  11:21  Pylon  
  141  11:23  Immortal (Chrono Boost)  
  139  11:27  Zealot x3  
  145  11:33  Probe x3  
  145  11:35  Probe  
  145  11:37  Protoss Ground Armor Level 2 (Chrono Boost)  
  145  11:38  Zealot  
  150  11:43  High Templar x2  
  150  11:44  Observer (Chrono Boost), High Templar x2  
  159  11:49  Archon x2  
  159  11:50  High Templar x3  
  159  11:51  High Templar  
  159  11:52  Zealot  
  169  11:54  Pylon  
  169  11:55  Disruptor (Chrono Boost)  
  169  11:56  Archon  
  169  11:57  Archon  
  172  12:02  Disruptor (Chrono Boost)  
  172  12:04  Photon Cannon  
  172  12:06  Shield Battery  
  175  12:12  Zealot x2  
  179  12:16  Zealot x3  
  185  12:30  Disruptor x2  
  188  12:44  Zealot x9  
  194  12:53  Dark Shrine  
  194  12:54  Protoss Shields Level 1 (Chrono Boost)  
  190  13:06  Nexus  
  190  13:08  Pylon  
  188  13:19  Zealot x8  
  200  13:26  Probe x2  
  192  13:27  Probe  
  140  13:48  Zealot  
  140  13:49  Zealot x4  
  142  13:59  Pylon  
  138  14:03  Pylon  
  138  14:12  High Templar x2  
  138  14:13  Zealot, High Templar x2  
  148  14:17  Archon x2  
  148  14:24  Stalker x4  
  156  14:32  Pylon  
  156  14:43  Dark Templar  
  158  14:47  Zealot x3  
  158  14:49  Zealot x4  
  158  14:50  Nexus  
  158  14:52  Pylon  
  168  14:53  Zealot x2  

Tags
 
Add a new tag
Caveats
  • Supply blocks, unpowered buildings, or Contaminate may cause inaccurate times.
  • Supply counts are checked every 10 seconds.